 Dungeon Crawl Stone Soup version 0.23.1-37-gaa34b87 (webtiles) character file.

Game seed: 6558434253368253096

113 Irenicus the Digger (level 4, 0/36 HPs)
             Began as a Deep Dwarf Earth Elementalist on Mar 23, 2019.
             Killed by divine providence
             ... invoked by an orc priest
              (10 damage)
             ... on level 3 of the Dungeon.
             The game lasted 00:08:35 (1183 turns).

Irenicus the Digger (Deep Dwarf Earth Elementalist) Turns: 1183, Time: 00:08:36

Health: 0/36       AC:  3    Str: 11    XL:     4   Next: 65%
Magic:  0/7        EV: 12    Int: 17    God:
Gold:   97         SH:  0    Dex: 13    Spells: 1/7 levels left

rFire    . . .     SeeInvis .   e - +1 short sword
rCold    + . .     Gourm    .   (no shield)
rNeg     . . .     Faith    .   c - +1 robe
rPois    .         Spirit   .   (no helmet)
rElec    .         Reflect  .   (no cloak)
rCorr    .         Harm     .   (no gloves)
MR       .....                  (no boots)
Stlth    ++........             b - amulet of inaccuracy (curse)
HPRegen  0.00/turn              n - ring of protection from cold {rC+, !d}
MPRegen  0.10/turn              (no ring)

@: non-regenerating
A: damage resistance, heal wounds, sense surroundings 1, no regeneration
a: Heal Wounds


You were on level 3 of the Dungeon.
You were not hungry.

You visited 1 branch of the dungeon, and saw 3 of its levels.

You collected 97 gold pieces.

Inventory:

Hand Weapons
 e - a +1 short sword (weapon)
   (You took it off a kobold on level 1 of the Dungeon)
Missiles
 o - 7 stones (quivered)
Armour
 c - a +1 robe (worn)
 p - a +0 leather armour
   (You found it on level 1 of the Dungeon)
Jewellery
 b - a cursed amulet of inaccuracy (around neck)
   (You found it on level 2 of the Dungeon)
 l - an uncursed ring of ice {rC+, rF-}
   (You found it on level 3 of the Dungeon)
 m - an uncursed amulet of faith {Faith, !P}
   (You found it on level 2 of the Dungeon)
 n - a ring of protection from cold (left hand) {rC+, !d}
   (You found it on level 1 of the Dungeon)
Wands
 j - a wand of flame (27)
   (You found it on level 2 of the Dungeon)
Scrolls
 h - 2 scrolls of enchant armour
Potions
 a - a potion of resistance {unknown}
 f - 2 potions of heal wounds
 g - a potion of magic {unknown}
 i - 3 potions of curing {unknown}
 k - a potion of agility {unknown}
Comestibles
 d - 3 rations


   Skills:
 - Level 2.1 Dodging
 - Level 2.4 Stealth
 - Level 2.1 Spellcasting
 + Level 0.8 Conjurations
 - Level 0.8 Transmutations
 + Level 6.2 Earth Magic
 - Level 2.3 Evocations


You had one spell level left.
You knew the following spells:

 Your Spells              Type           Power        Failure   Level  Hunger
a - Sandblast             Erth           ###...       1%          1    #......
w - Passwall              Tmut/Erth      ##......     7%          2    ###....
x - Stone Arrow           Conj/Erth      ##....       13%         3    ###....

Your spell library contained the following spells:

 Spells                   Type           Power        Failure   Level  Hunger
 Lee's Rapid Deconstruct  Erth           ###.......   38%         5    ######.
 Petrify                  Tmut/Erth      ##......     41%         4    #####..


Dungeon Overview and Level Annotations

Branches:
Dungeon (3/15)

Altars:
Elyvilon


Innate Abilities, Weirdness & Mutations

You are resistant to damage.
You can heal yourself by infusing magical energy.
You passively map a small area around you.
You do not regenerate.


Message History

Unknown command.
You hit the orc. The orc barely misses you.
Aim: an orc, wearing a +0 leather armour and carrying a wand of flame (23) (severely wounded)
The blast of sand hits the orc.
You kill the orc!
o - 10 stones You now have 0/7 mp.
j - a wand of flame (27) (gained 23 charges)
h - 2 scrolls of enchant armour (gained 1)
Things that are here:
a +0 leather armour; an orc corpse The hobgoblin shouts!
You hear a shout!
You see here 9 gold pieces.
You now have 97 gold pieces (gained 9).
You see here a scroll labeled JAJEBO JIOT.
q - a scroll labeled JAJEBO JIOT The hobgoblin hits you with a +0 club.
Aim: a hobgoblin, wielding a +0 club The blast of sand hits the hobgoblin.
o - 9 stones The hobgoblin hits you with a +0 club.
You take 3 damage, and have 13/36 hp.
You now have 0/7 mp.
You hit the hobgoblin.
You kill the hobgoblin!
You miss the kobold. The kobold hits you.
The kobold hits you but does no damage.
You barely miss the kobold. The kobold barely misses you.
As you read the scroll labeled JAJEBO JIOT, it crumbles to dust.
You hear a loud clanging noise!
It was a scroll of noise.
You hear a shout! x12
The kobold hits you.
You closely miss the kobold. The kobold barely misses you.
You don't have enough magic to cast that spell.
Unknown command.
You hit the kobold.
You kill the kobold!
i - 3 cyan potions (gained 1)
Things that are here:
a +0 club; a hobgoblin corpse A kobold comes into view.
It is wielding a +0 club.
The kobold misses you.
Aim: a kobold, wielding a +0 club The blast of sand hits the kobold!
You kill the kobold!
o - 8 stones You now have 0/7 mp.
A kobold comes into view.
An orc comes into view. It is wielding a +0 whip.
The orc moves out of view.
Things that are here:
a +0 club; a stone
Things that are here:
a +0 club; a stone
o - 9 stones (gained 1)
An orc comes into view. It is wielding a +0 club.
You closely miss the kobold. The kobold hits you.
You hit the kobold.
You kill the kobold!
You barely miss the orc.
A dart slug comes into view.
The orc completely misses you.
You hit the orc but do no damage. The orc closely misses you.
You closely miss the orc. The orc closely misses you.
You barely miss the orc. The orc misses you.
Aim: a dart slug (clinging)
The blast of sand hits the dart slug!
You kill the dart slug!
o - 8 stones The orc hits you with a +0 whip.
You take 1 damage, and have 12/36 hp.
You now have 1/7 mp.
You miss the orc. The orc hits you with a +0 whip.
You take 1 damage, and have 11/36 hp.
You hit the orc but do no damage. The orc hits you with a +0 club.
* * * LOW HITPOINT WARNING * * *
You take 2 damage, and have 9/36 hp.
Aim: an orc priest, wielding a +0 war axe and wearing a +0 leather armour The blast of sand hits the orc priest!
o - 7 stones The orc barely misses you. x2
The orc priest hits you with a +0 war axe.
* * * LOW HITPOINT WARNING * * *
You take 4 damage, and have 5/36 hp.
You now have 0/7 mp.
You feel much better. The orc hits you with a +0 whip.
The orc hits you with a +0 club.
You regained 18 hp, and now have 23/36 hp.
You hit the orc priest.
The orc priest hits you but does no damage.
The orc hits you with a +0 whip. The orc hits you with a +0 club.
The orc hits you with a +0 whip.
You take 4 damage, and have 19/36 hp.
You hit the orc priest but do no damage.
The orc priest hits you with a +0 war axe!
The orc hits you with a +0 club. The orc hits you with a +0 whip.
* * * LOW HITPOINT WARNING * * *
You take 9 damage, and have 10/36 hp.
MASSIVE DAMAGE!!
You miss the orc priest.
The orc priest mumbles some strange prayers to Beogh against you.
Beogh smites you!
You die...

#.# ##<.###..(....., #.#
#...# #.....$. ,
##.#######..[###.. ..# ,
..÷...........##.# ..# ,
* <###.#####....##.##.#
,
.#..................####
.#>#.#####.)............
, .....# #...#.oo.....#,
##.### #.....o@## , * *
#. #...#.### * #
#######...#$#### , *
#.).<......o...#*,, *
#†#####...#..#.# , , #.#
#..........*,,
#.#####........ .o.
#.........#..#.# o.#
#.######........ .. +


You could see an orc priest and 2 orcs.

Vanquished Creatures
  An orc wizard (D:3)
  2 adders
  3 worms (D:2)
  A dart slug (D:3)
  2 orcs (D:3)
  10 bats
  2 giant cockroaches
  3 goblins
  5 hobgoblins
  4 jackals (D:2)
  9 kobolds
  A quokka (D:3)
  6 frilled lizards
  6 rats
55 creatures vanquished.

Vanquished Creatures (others)
  A leopard gecko (D:2)
1 creature vanquished.

Grand Total: 56 creatures vanquished

Notes
Turn   | Place    | Note
-------+----------+-------------------------------------------
     0 | D:1      | Irenicus the Deep Dwarf Earth Elementalist began the quest
                  | for the Orb.
     0 | D:1      | Reached XP level 1. HP: 15/15 MP: 3/3
    61 | D:1      | Reached skill level 2 in Spellcasting
   153 | D:1      | Reached XP level 2. HP: 20/22 MP: 0/5
   320 | D:2      | Found a white marble altar of Elyvilon.
   347 | D:2      | Reached skill level 5 in Earth Magic
   425 | D:2      | Reached XP level 3. HP: 26/28 MP: 1/6
   525 | D:2      | Learned a level 2 spell: Passwall
   603 | D:2      | Reached skill level 1 in Evocations
   647 | D:1      | Learned a level 3 spell: Stone Arrow
   935 | D:3      | Reached skill level 2 in Evocations
   935 | D:3      | Reached XP level 4. HP: 28/36 MP: 3/7
   974 | D:3      | Reached skill level 6 in Earth Magic
  1178 | D:3      | HP: 9/36 [orc/+0 club (2)]
  1183 | D:3      | Killed from afar by an orc priest

Skill      XL: |  1  2  3  4 |
---------------+-------------+-----
Spellcasting   | 2 |  2.1
Earth Magic    | 5 6 |  6.2
Evocations     | 2 |  2.3
Dodging        | |  2.1
Stealth        | |  2.4
Conjurations   | |  0.8
Transmutations | |  0.8

Action                   |  1- 3 |  4- 6 || total
-------------------------+-------+-------++-------
Melee: Short sword       |    48 |    43 ||    91
 Cast: Sandblast         |    35 |     5 ||    40
       Stone Arrow       |     4 |     7 ||    11
       Passwall          |     2 |       ||     2
 Abil: Heal Wounds       |     1 |       ||     1
Evoke: Wand              |     4 |     6 ||    10
  Use: Scroll            |     6 |     1 ||     7
       Potion            |       |     1 ||     1
 Stab: Sleeping          |     3 |     1 ||     4
  Eat: Chunk             |     1 |     2 ||     3
Armor: Robe              |    47 |     7 ||    54
Dodge: Dodged            |    93 |    31 ||   124

Levels and vault maps discovered:
D:1:      scummos_arrival_star, layout_basic
D:2:      layout_basic, elyvilon_altar_4
D:3:      layout_loops_ring, minmay_fractal_squares_diagonal_5

Table legend:
 A = Turns spent in this place as a percentage of turns spent in the entire game.
 B = Non-inter-level travel turns spent in this place as a percentage of non-inter-level travel turns spent in the entire game.
 C = Inter-level travel turns spent in this place as a percentage of turns spent in this place.
 D = Turns resting spent in this place as a percentage of non-inter-level travel turns spent in this place.
 E = Turns spent auto-exploring this place as a percentage of non-inter-level travel turns spent in this place.
 F = Non-inter-level travel turns spent in this place divided by the number of levels of this place that you've seen.
                   A       B       C       D       E      F
               +-------+-------+-------+-------+-------+----------------------
         Total | 100.0 | 100.0 |   0.0 |   0.0 |   0.0 | 394.3
       Dungeon | 100.0 | 100.0 |   0.0 |   0.0 |   0.0 | 394.3
               +-------+-------+-------+-------+-------+----------------------

Table legend:
 A = Kills in this place as a percentage of kills in entire the game.
 B = Kills by you in this place as a percentage of kills by you in the entire game.
 C = Kills by friends in this place as a percentage of kills by friends in the entire game.
 D = Other kills in this place as a percentage of other kills in the entire game.
 E = Experience gained in this place as a percentage of experience gained in the entire game.
 F = Experience gained in this place divided by the number of levels of this place that you have seen.
                   A       B       C       D       E      F
               +-------+-------+-------+-------+-------+----------------------
         Total | 100.0 | 100.0 |   N/A |   N/A | 100.0 |  54.0
       Dungeon | 100.0 | 100.0 |   N/A |   N/A | 100.0 |  54.0
               +-------+-------+-------+-------+-------+----------------------
